 Dungeon Sprint DCSS version 0.30-a0-920-g7493c07aab (webtiles) character file.

Game seed: 5867547796995031278

9778 dialectric the Ninja (level 11, -4/63 HPs)
             Began as a Spriggan Brigand on Mar 21, 2023.
             Was an Elder of Trog.
             Succumbed to a death drake's dark miasma
             ... in the Dungeon (Sprint II: "The Violet Keep of Menkaure").
             The game lasted 00:05:39 (699 turns).

dialectric the Ninja (Spriggan Brigand)              Turns: 699, Time: 00:05:39

Health: -4/63      AC:  3    Str:  7    XL:     11   Next: 27%
Magic:  12/12      EV: 26    Int: 12    God:    Trog [****..]
Gold:   1522       SH:  5    Dex: 22    Spells: 10/10 levels left

rFire   + . .      SeeInvis +    y - +5 rapier (heavy)
rCold   . . .      Faith    .    (no shield)
rNeg    . . .      Spirit   .    b - +0 robe
rPois   .          Reflect  +    (helmet restricted)
rElec   .          Rampage  .    c - +0 cloak
rCorr   .          NoTele   +    (gloves unavailable)
Will    +....                    (boots unavailable)
Stlth   +++++                    t - amulet of reflection
HPRegen 0.30/turn                r - ring of protection from fire
MPRegen 0.13/turn                (no ring)

@: lethally poisoned (-4 -> -29), slowed, very slow
A: very small, no large weapons, unfitting armour, see invisible, speed 3
a: Renounce Religion, Berserk, Trog's Hand, Brothers in Arms


You were in the Dungeon.
You worshipped Trog.
Trog was greatly pleased with you.
You visited 1 branch You collected 1704 gold pieces.
You spent 182 gold pieces at shops.

Inventory:

Hand Weapons
 a - a +2 dagger
 u - a +2 short sword of draining
 y - a +5 heavy rapier (weapon)
Missiles
 d - 17 poisoned darts
 e - 2 curare-tipped darts (quivered)
Armour
 b - a +0 robe (worn)
 c - a +0 cloak (worn)
Jewellery
 r - a ring of protection from fire (left hand)
 t - an amulet of reflection (around neck)
Scrolls
 f - 2 scrolls of identify
 k - 4 scrolls of immolation {unknown}
 m - 3 scrolls of fog
 o - a scroll of vulnerability {unknown}
 q - a scroll of enchant weapon {unknown}
 x - a scroll of fear {unknown}
Potions
 g - 3 potions of flight
 h - a potion of haste
 i - 6 potions of magic
 j - a potion of cancellation {unknown}
 l - a potion of attraction {unknown}
 n - 2 potions of brilliance {unknown}
 p - 3 potions of resistance {unknown}
 s - a potion of ambrosia {unknown}
 v - 2 potions of lignification {unknown}
 w - a potion of curing


   Skills:
 + Level 10.1 Fighting
 + Level 17.2 Short Blades
 - Level 3.0 Throwing
 + Level 10.4 Dodging
 O Level 27 Stealth
 - Level 1.1 Shields


You had 10 spell levels left.
You didn't know any spells.
Your spell library was empty.

Dungeon Overview and Level Annotations

Branches:
Dungeon (1/1)

Altars:
Cheibriados
Dithmenos
Elyvilon
Fedhas
Gozag
Hepliaklqana
Kikubaaqudgha
Makhleb
Nemelex Xobeh
Okawaru
Qazlal
Ru
Sif Muna
Trog
Uskayaw
Vehumet
Wu Jian
Xom
Yredelemnul
Zin
The Shining One
Jiyva
Lugonu

Shops:
D :![((!(:=?==[=[

Annotations:
D exclusions: obsidian statue and oklob plant


Innate Abilities, Weirdness & Mutations

You are very small and have problems with some larger weapons.
You are too small for most types of armour.
You have supernaturally acute eyesight. (SInv)
You cover ground extremely quickly. (Speed+++)


Message History

Your two-headed ogre hits Kirke with a +0 giant club!!!
Kirke dies!
Trog accepts your kill.
Trog appreciates your killing of a magic user.
You hear a splash.
The manticore disappears in a puff of smoke!
The lindwurm disappears in a puff of smoke!
The kobold demonologist gestures wildly while chanting.
Your Fighting skill increases to level 10!
Your Short Blades skill increases to level 17!
Your two-headed ogre closely misses the death drake.
Your two-headed ogre barely misses the death drake.
The death drake breathes miasma at you.
The foul vapour engulfs your two-headed ogre.
Your two-headed ogre is poisoned.
The white imp shouts, "Give up, thou dankish tardy-gaited nano-nebbish!"
Unknown command.
As you read the scroll labelled ZYL ZIAHAT, it crumbles to dust.
It is a scroll of identify.
m - 3 scrolls of fog You are engulfed in dark miasma.
You are lethally poisoned!
You feel yourself slow down.
* * * LOW HITPOINT WARNING * * *
x2 You feel very sick.
Your two-headed ogre is engulfed in dark miasma.
Your two-headed ogre looks even sicker.
Your two-headed ogre seems to slow down.
Your two-headed ogre completely misses the death drake.
Your two-headed ogre hits the death drake with a +0 giant spiked club!!!
The death drake bites your two-headed ogre!
The kobold demonologist is engulfed in dark miasma.
The kobold demonologist is poisoned.
The kobold demonologist seems to slow down.
The kobold demonologist begins to cast a cantrip, but forgets the words!
Unknown command.
You feel better.
You are engulfed in dark miasma.
You are lethally poisoned!
* * * LOW HITPOINT WARNING * * *
You die...

..# ####.# .#))▓.....[[.▓▓
#.####.Y'.##.#||▓.....(.(▓▓
#....#..#...####▓..([....▓▓
###..#####.^##)#▓.[).(.(.▓▓
#.##..#†.'^.#÷.#▓..[(....▓▓
#.)#..#.†#..#.÷#▓........▓▓
.##'..####.°##†#▓......†.▓▓
#..#....###.53##▓▓▓▓▓▓▓'▓▓▓▓+▓
#.##......~55KkO@°°~~§§...Xw≈▓
###~~.....~#°########§###.≈w≈▓
#~~~~~~~.§~#.4_._._.#§~~##≈≈≈▓
#~~~~~~~~§~#._._._..#~§≈≈####▓▓▓▓
~~~≈≈≈§~~§~#_._._._.#~§~~≈##..#..
~~~~≈≈§§~§~#._._._._#~§§§§§#.§#..
+#~≈§≈≈§≈≈~#.._._._.#~~§§~≈§..'..
##§≈≈###≈≈#..._._._#§~§~≈~#..#.†
≈§ #≈≈#...._._.#~§§§§≈▓§.#..


You could see a death drake (catching breath, ally target), a kobold
demonologist (poisoned, slow), a sixfirhy (summoned), a red devil (summoned), a
quasit (summoned), a crimson imp (summoned), a white imp (summoned) and a
friendly two-headed ogre (summoned, berserk, very poisoned, slow).

Vanquished Creatures
  2 sphinxes (D)
  A yaktaur captain (D)
  2 boulder beetles (D)
  A centaur warrior (D)
  2 deep trolls (D)
  A merfolk siren (D)
  2 cane toads (D)
  A yaktaur (D)
  3 polar bears (D)
  A hornet (D)
  2 wyverns (D)
  3 yaks (D)
  Menkaure (D)
  5 water moccasins (D)
  A swamp drake (D)
  5 scorpions (D)
33 creatures vanquished.

Vanquished Creatures (collateral kills)
  Kirke (D)
1 creature vanquished.

Vanquished Creatures (others)
  12 tentacles (D)
12 creatures vanquished.

Grand Total: 46 creatures vanquished

Notes
Turn   | Place    | Note
-------+----------+-------------------------------------------
     0 | D        | dialectric the Spriggan Brigand began the quest for the
                  | Orb.
     0 | D        | Reached XP level 1. HP: 10/10 MP: 2/2
     1 | D        | Noticed a merfolk siren
     4 | D        | Noticed a boulder beetle
     4 | D        | Noticed a boulder beetle
     7 | D        | Noticed a scorpion
     7 | D        | Noticed a scorpion
     8 | D        | Noticed a scorpion
    10 | D        | Killed a scorpion
    11 | D        | Reached skill level 11 in Stealth
    11 | D        | Reached XP level 2. HP: 15/15 MP: 3/3
    11 | D        | Reached XP level 3. HP: 18/18 MP: 4/4
    13 | D        | Killed a scorpion
    14 | D        | Reached skill level 13 in Stealth
    14 | D        | Reached XP level 4. HP: 23/23 MP: 5/5
    20 | D        | Noticed a scorpion
    28 | D        | Killed a scorpion
    29 | D        | Reached skill level 14 in Stealth
    29 | D        | Reached XP level 5. HP: 13/28 MP: 6/6
    32 | D        | Reached skill level 16 in Stealth
    44 | D        | Killed a merfolk siren
    45 | D        | Reached skill level 20 in Stealth
    45 | D        | Reached XP level 6. HP: 20/34 MP: 7/7
    45 | D        | Reached XP level 7. HP: 22/38 MP: 8/8
    53 | D        | Noticed a wyvern
    53 | D        | Noticed a wyvern
    56 | D        | Killed a wyvern
    57 | D        | Reached skill level 21 in Stealth
    59 | D        | Killed a wyvern
    67 | D        | Killed a boulder beetle
    68 | D        | Reached skill level 5 in Fighting
    68 | D        | Reached skill level 24 in Stealth
    68 | D        | Reached XP level 8. HP: 30/43 MP: 9/9
    70 | D        | Killed a boulder beetle
    71 | D        | Reached skill level 25 in Stealth
    71 | D        | Reached XP level 9. HP: 33/47 MP: 10/10
    75 | D        | Noticed an obsidian statue
    76 | D        | Found Laoxeles's Antique Armour Shoppe.
    78 | D        | Reached skill level 26 in Stealth
    85 | D        | Noticed Menkaure
    97 | D        | Killed Menkaure
   100 | D        | Found a hazy altar of Hepliaklqana.
   100 | D        | Found a snail-covered altar of Cheibriados.
   101 | D        | Found a stormy altar of Qazlal.
   101 | D        | Found a viscous altar of Jiyva.
   101 | D        | Found a shadowy altar of Dithmenos.
   102 | D        | Found a sacrificial altar of Ru.
   102 | D        | Found an ancient bone altar of Kikubaaqudgha.
   102 | D        | Found a white marble altar of Elyvilon.
   103 | D        | Found an ornate altar of the Wu Jian Council.
   103 | D        | Found a shimmering blue altar of Sif Muna.
   103 | D        | Found a corrupted altar of Lugonu.
   104 | D        | Found a shimmering altar of Xom.
   104 | D        | Found a bloodstained altar of Trog.
   104 | D        | Found a burning altar of Makhleb.
   105 | D        | Found a glowing golden altar of the Shining One.
   105 | D        | Found a basalt altar of Yredelemnul.
   105 | D        | Found a hide-covered altar of Uskayaw.
   107 | D        | Found a glowing silver altar of Zin.
   107 | D        | Found a radiant altar of Vehumet.
   107 | D        | Found a blossoming altar of Fedhas.
   107 | D        | Found a sparkling altar of Nemelex Xobeh.
   119 | D        | Found an opulent altar of Gozag.
   119 | D        | Found an iron altar of Okawaru.
   125 | D        | Became a worshipper of Trog the Wrathful
   139 | D        | Noticed a kraken
   277 | D        | Noticed a yaktaur
   277 | D        | Noticed a polar bear
   278 | D        | Noticed a polar bear
   278 | D        | Noticed a polar bear
   279 | D        | Killed a polar bear
   280 | D        | Killed a polar bear
   281 | D        | Reached skill level 27 in Stealth
   282 | D        | Reached * piety under Trog
   283 | D        | Reached skill level 1 in Shields
   283 | D        | Killed a polar bear
   284 | D        | Reached skill level 10 in Short Blades
   284 | D        | Reached skill level 5 in Dodging
   285 | D        | Killed a yaktaur
   290 | D        | Noticed a death drake
   292 | D        | Noticed a cane toad
   293 | D        | Noticed a cane toad
   294 | D        | Killed a cane toad
   294 | D        | Reached ** piety under Trog
   296 | D        | Killed a cane toad
   297 | D        | Reached XP level 10. HP: 49/55 MP: 11/11
   347 | D        | Found Jauj's Jewellery Emporium.
   348 | D        | Found Taenem's Jewellery Shoppe.
   349 | D        | Found Jaofufobu's Jewellery Shoppe.
   349 | D        | Found Kokoaz's Book Emporium.
   349 | D        | Found Hopoatin's Antique Weapon Shoppe.
   353 | D        | Found Cosute's Antique Weapon Emporium.
   353 | D        | Found Exoany's Antique Weapon Shoppe.
   354 | D        | Found Erateul's Jewellery Shoppe.
   354 | D        | Found Boarogem's Antique Armour Emporium.
   355 | D        | Found Nuiheirch's Distillery.
   355 | D        | Found Vear's Antique Armour Shoppe.
   355 | D        | Found Pasheut's Distillery.
   356 | D        | Found Toithrou's Magic Scroll Emporium.
   361 | D        | Noticed an oklob plant
   362 | D        | Found Joca's Book Shoppe.
   402 | D        | Noticed an ice dragon
   416 | D        | Bought a potion of flight for 39 gold pieces
   416 | D        | Bought a potion of heal wounds for 65 gold pieces
   416 | D        | Bought 2 potions of curing for 78 gold pieces
   427 | D        | Noticed a centaur warrior
   427 | D        | Noticed Kirke
   427 | D        | Noticed a yaktaur captain
   448 | D        | Noticed an elephant
   450 | D        | Killed a yaktaur captain
   450 | D        | Noticed a skeletal warrior
   472 | D        | HP: 2/55 [centaur warrior/arrow (27)]
   487 | D        | Killed a centaur warrior
   487 | D        | Reached *** piety under Trog
   538 | D        | Reached **** piety under Trog
   567 | D        | Noticed a deep troll
   568 | D        | Noticed a deep troll
   570 | D        | Killed a deep troll
   571 | D        | Reached skill level 15 in Short Blades
   571 | D        | Killed a deep troll
   593 | D        | Noticed a sphinx
   593 | D        | Noticed a sphinx
   596 | D        | Killed a sphinx
   596 | D        | Reached ***** piety under Trog
   597 | D        | Reached XP level 11. HP: 60/62 MP: 12/12
   597 | D        | Killed a sphinx
   597 | D        | Received a gift from Trog
   668 | D        | Reached skill level 10 in Dodging
   690 | D        | HP: 1/63 [Kirke/+0 mace (22)]
   694 | D        | Noticed a lindwurm
   696 | D        | Killed Kirke
   697 | D        | Reached skill level 10 in Fighting
   697 | D        | Noticed a sixfirhy
   699 | D        | HP: 3/63 [death drake] (9)]
   699 | D        | Succumbed to a death drake's dark miasma

Illustrated notes

Levels and vault maps discovered:
D:        the_violet_keep_of_menkaure [sprint2_stairs_cluster_1,
          sprint2_shoproom, sprint2_temple, sprint2_basic_supplies,
          sprint2_obstacle_5, sprint2_obstacle_2, sprint2_obstacle_3,
          sprint2_obstacle_4, sprint2_obstacle_1, sprint2_timed_cluster_1,
          sprint2_smallroom_cluster_1, sprint2_smallroom_final_cluster_1,
          sprint2_transparent_cluster_1, sprint2_second_timed_cluster_1,
          sprint2_sniper_area_1, sprint2_heavy_combat_area_1,
          sprint2_mutation_trap_area_1, sprint2_forest_area_1,
          sprint2_light_combat_area_1, sprint2_behind_water_1,
          sprint2_near_end_vault_1]

Skill      XL: |  1  2  3  4  5  6  7  8  9 10 11 |
---------------+----------------------------------+-----
Fighting       | 2 3 4 5 7 9 10 | 10.1
Short Blades   | 3 4 6 7 8 12 16 17 | 17.2
Throwing       | 3 |  3.0
Stealth        | 11 13 14 20 24 25 27 | 27.0
Dodging        | 2 3 4 5 9 10 | 10.4
Shields        | 1 |  1.1

Action                     |  1- 3 |  4- 6 |  7- 9 | 10-12 || total
---------------------------+-------+-------+-------+-------++-------
  Melee: Dagger            |     3 |     3 |    22 |       ||    28
         Short sword       |       |       |     7 |    42 ||    49
         Punch             |       |       |       |     1 ||     1
         Rapier            |       |       |       |    21 ||    21
  Throw: Dart              |     3 |     6 |       |     2 ||    11
 Invoke: Berserk           |       |       |       |     1 ||     1
         Trog's Hand       |       |       |       |     1 ||     1
         Brothers in Arms  |       |       |       |     1 ||     1
    Use: Potion            |       |       |     4 |     6 ||    10
         Scroll            |       |       |     1 |     1 ||     2
   Stab: Sleeping          |       |     1 |    12 |     7 ||    20
         Confused          |       |       |       |     1 ||     1
  Dodge: Dodged            |     1 |     6 |     8 |    31 ||    46
  Block: Other             |       |       |     1 |     8 ||     9

Table legend: (Time is in decaauts)
 A = Elapsed time spent in this place.
 B = Non-inter-level travel time spent in this place.
 C = Inter-level travel time spent in this place.
 D = Time resting spent in this place.
 E = Time spent auto-exploring this place.
 F = Levels seen in this place.
 G = Mean time per level.
                   A        B        C        D        E       F      G
               +--------+--------+--------+--------+--------+-----+--------+
         Total |    545 |    545 |      0 |      2 |     54 |   1 |  545.0 |
       Dungeon |    545 |    545 |      0 |      2 |     54 |   1 |  545.0 |
               +--------+--------+--------+--------+--------+-----+--------+

Top non-repeatable levels by time:
       D: 545 daAuts
